 Dungeon Crawl Stone Soup version 0.25-a0-591-g2ad0d861f1 (webtiles) character file.

Game seed: 10665132612075872566, levelgen mode: deterministic

15854 Edwards80 the Fighter (level 12, -4/177 HPs)
             Began as a Demonspawn Berserker on Mar 13, 2020.
             Was a High Priest of Trog.
             Slain by an orc warlord
             ... wielding a +1 vorpal war axe
              (11 damage)
             ... on level 1 of the Orcish Mines.
             The game lasted 00:48:12 (11067 turns).

Edwards80 the Fighter (Demonspawn Berserker)       Turns: 11067, Time: 00:48:13

Health: -4/177     AC: 21    Str: 21    XL:     12   Next: 4%
Magic:  12/12      EV:  7    Int: 10    God:    Trog [*****.]
Gold:   548        SH:  0    Dex: 11    Spells: 11/11 levels left

rFire    + + .     SeeInvis .   b - +3 halberd (vorpal)
rCold    . . .     Gourm    .   (shield currently unavailable)
rNeg     . . .     Faith    .   r - +3 chain mail
rPois    .         Spirit   .   (no helmet)
rElec    .         Reflect  .   e - +2 cloak {+Inv}
rCorr    .         Harm     .   i - +0 pair of gloves
MR       .....                  (boots unavailable)
Stlth    ..........             (no amulet)
HPRegen  0.39/turn              E - +3 ring of protection
MPRegen  0.13/turn              y - ring of protection from fire

@: mighty, berserking, heavily drained, very quick
A: hooves 3, slimy green scales 2, clumsy 1, fire resistance 1, powered by death
2, robust 1
a: Berserk, Trog's Hand, Brothers in Arms, Renounce Religion, Evoke Invisibility


You were on level 1 of the Orcish Mines.
You worshipped Trog.
Trog was extremely pleased with you.
You were hungry.

You visited 2 branches of the dungeon, and saw 13 of its levels.
You also visited: Ossuary.

You collected 1007 gold pieces.
You spent 459 gold pieces at shops.

Inventory:

Hand Weapons
 a - a +1 glaive of protection
 b - a +3 vorpal halberd (weapon)
Missiles
 z - an atropa-tipped dart (quivered)
Armour
 e - a +2 cloak of invisibility (worn)
 i - a +0 pair of gloves (worn)
 p - a +2 pair of boots
 r - a +3 chain mail (worn)
Jewellery
 o - a +5 ring of intelligence
 y - a ring of protection from fire (right hand)
 E - a +3 ring of protection (left hand)
 J - an uncursed ring of flight
Wands
 d - a wand of disintegration (8)
 l - a wand of enslavement (3)
 G - a wand of paralysis (19)
 I - a wand of clouds (3)
Scrolls
 f - 2 scrolls of teleportation
 j - 9 scrolls of remove curse
 n - 2 scrolls of amnesia
 x - a scroll of blinking
 C - 2 scrolls of fog {unknown}
 H - a scroll of identify
 K - a scroll of random uselessness {unknown}
Potions
 g - a potion of resistance
 h - 4 potions of lignification
 m - a potion of brilliance {unknown}
 q - 2 potions of degeneration {unknown}
 s - a potion of haste
 t - a potion of stabbing {unknown}
 u - 7 potions of curing
 v - a potion of heal wounds
 w - 4 potions of cancellation
 A - a potion of ambrosia {unknown}
 B - 3 potions of magic
 D - a potion of flight {unknown}
 F - a potion of might
Miscellaneous
 k - a phial of floods
Comestibles
 c - 12 rations


   Skills:
 * Level 14.6(11.4) Fighting
 - Level 12.0(9.0) Polearms
 - Level 1.7(0.0) Armour
 - Level 1.7(0.0) Dodging


You had 11 spell levels left.
You didn't know any spells.
Your spell library was empty.

Dungeon Overview and Level Annotations

Branches:
Dungeon (11/15)            Temple (0/1) D:4            Lair (0/6) D:10
    Orc (2/2) D:11        Ossuary (visited)
    Elf: Orc:2

Altars:
Cheibriados
Dithmenos
Fedhas
Gozag
Kikubaaqudgha
Makhleb
Okawaru
Qazlal
Sif Muna
Xom

Shops:
D:4 *   D:5 *?!   D:7 =}[   D:9 ?   D:11 [

Annotations:
D:2 Natasha
D:11 exclusion: orange crystal statue


Innate Abilities, Weirdness & Mutations

You have hooves in place of feet.
You are mostly covered in slimy green scales. (AC +3)
Your flesh is heat resistant. (rF+)
You regenerate health from kills.
You are clumsy. (Dex -2)
You are robust. (+10% HP)


Message History

The warg barely misses you.
You puncture the orc warlord! Your kick misses the orc warlord.
The orc warlord is heavily wounded.
The orc warlord barely misses you.
The orc warrior hits you with a +0 long sword!
* * * LOW HITPOINT WARNING * * *
The warg bites you but does no damage.
You slash the orc warlord!
The orc warlord is severely wounded.
The warg closely misses you.
You hit the orc warlord.
You kick the orc warlord, but do no damage.
The orc warlord is severely wounded.
The orc warlord barely misses you. The orc warrior barely misses you.
You slice the orc warlord!! Your kick misses the orc warlord.
The orc warlord is almost dead.
The warg bites you.
* * * LOW HITPOINT WARNING * * *
The orc warlord hits you with a +1 vorpal war axe!
You die...

##.........#.##
##.............# ###
#....#........## ##.##
##..........)[# #...##
#..........[)<#####...##
##.#........)..#.###.#.##
##.##............##....#
#.............#o......##
###..........[.[@.....#.##
####.#.........o.h.......##
##....#.......[[......#.#.##
#...................^......#
..........................##
....................#....##
..........................#
.........................##
.........................#


You could see an orc warlord, a warg and an orc warrior.

Vanquished Creatures
  Josephine (D:11)
  Fannar (D:11)
  2 two-headed ogres (D:9)
  An unseen horror (D:11)
  Pikel (D:8)
  A centaur skeleton (D:10)
  2 trolls (D:11)
  3 slime creatures (D:8)
  A hippogriff (D:11)
  Grinder (D:5)
  11 yaks
  A wyvern (D:9)
  6 wraiths
  A human (D:7)
  3 hungry ghosts (D:11)
  4 hogs (D:7)
  A two-headed ogre zombie (D:11)
  An acid dragon (D:11)
  3 black bears
  2 ice beasts
  7 orc warriors
  A sky beast (D:10)
  3 ogres
  3 phantoms
  An eye of draining (D:11)
  A crocodile (D:7)
  4 centaurs
  6 big kobolds
  Blork the orc (D:4)
  10 bullfrogs
  A gnoll sergeant (D:8)
  6 scorpions
  A troll zombie (D:11)
  15 killer bees
  3 howler monkeys
  4 wights (D:10)
  6 crimson imps
  2 centaur zombies
  4 hounds
  2 bullfrog zombies
  A human zombie (Ossuary)
  Crazy Yiuf (D:4)
  7 jellies
  6 orc priests
  A gnoll shaman (D:4)
  Natasha (D:2)
  2 bullfrog skeletons
  3 iguanas
  8 orc wizards
  5 worker ants
  Terence (D:2)
  6 ogre zombies (D:11)
  A hound zombie (D:6)
  2 mummies (Ossuary)
  Robin (D:4)
  7 gnolls
  7 adders
  6 shadow imps
  3 oozes
  2 adder skeletons (D:4)
  4 adder zombies (Ossuary)
  A worm (D:3)
  5 dart slugs
  A leopard gecko (D:6)
  41 orcs
  5 giant cockroaches
  11 goblins
  13 hobgoblins
  5 jackals
  3 quokkas
  2 ball pythons (D:1)
  5 bats
  7 frilled lizards
  7 goblin zombies
  2 hobgoblin skeletons (D:11)
  17 hobgoblin zombies
  A jackal zombie (Ossuary)
  24 kobolds
  6 kobold zombies (Ossuary)
  A leopard gecko skeleton (D:4)
  A leopard gecko zombie (D:8)
  An orc skeleton (D:11)
  22 orc zombies
  6 rats
390 creatures vanquished.

Vanquished Creatures (others)
  An orc (D:11)
  2 fungi (D:8)
  10 toadstools (D:8)
13 creatures vanquished.

Grand Total: 403 creatures vanquished

Notes
Turn   | Place    | Note
-------+----------+-------------------------------------------
     0 | D:1      | Edwards80 the Demonspawn Berserker began the quest for the
                  | Orb.
     0 | D:1      | Reached XP level 1. HP: 18/18 MP: 1/1
   134 | D:1      | Gained mutation: You regenerate a little health from kills.
                  | [demonic ancestry]
   134 | D:1      | Reached XP level 2. HP: 8/24 MP: 2/2
  1109 | D:2      | Gained mutation: You have large cloven feet. [demonic
                  | ancestry]
  1109 | D:2      | Reached XP level 3. HP: 29/29 MP: 3/3
  1159 | D:2      | Reached ** piety under Trog
  1362 | D:2      | Noticed Natasha
  1375 | D:2      | Killed Natasha
  1375 | D:2      | Reached XP level 4. HP: 10/35 MP: 4/4
  1399 | D:2      | Noticed Natasha
  1686 | D:2      | Noticed Terence
  1699 | D:2      | Killed Terence
  1794 | D:3      | Reached skill level 5 in Polearms
  1794 | D:3      | Gained mutation: You regenerate health from kills. [demonic
                  | ancestry]
  1794 | D:3      | Reached XP level 5. HP: 38/41 MP: 5/5
  1810 | D:3      | You fall into a shaft and drop 2 floors!
  1810 | D:5      | Entered Level 5 of the Dungeon
  2083 | D:5      | Noticed a phantom
  2111 | D:5      | Killed a phantom
  2111 | D:5      | Reached XP level 6. HP: 25/47 MP: 6/6
  2137 | D:5      | Found Budwy's Magic Scroll Emporium.
  2185 | D:5      | Bought a scroll of enchant armour for 112 gold pieces
  2195 | D:5      | Found Kutu's Assorted Antiques.
  2419 | D:4      | Noticed Robin
  2454 | D:4      | Killed Robin
  2465 | D:4      | Reached XP level 7. HP: 28/52 MP: 7/7
  2468 | D:4      | Reached *** piety under Trog
  3302 | D:4      | Found Gozag's Platinum Reserve.
  3306 | D:4      | Found an opulent altar of Gozag.
  3389 | D:4      | Found a staircase to the Ecumenical Temple.
  3426 | D:4      | Found a runed translucent door.
  3427 | D:4      | Noticed Crazy Yiuf
  3464 | D:4      | Noticed Blork the orc
  3963 | D:4      | Killed Blork the orc
  4053 | D:4      | Killed Crazy Yiuf
  4170 | D:5      | Found Jomyj's Distillery.
  4182 | D:5      | Bought a potion of heal wounds for 50 gold pieces
  4236 | D:5      | Noticed Grinder
  4237 | D:5      | Paralysed by Grinder for 5 turns
  4251 | D:5      | Killed Grinder
  4498 | D:5      | Gained mutation: You are partially covered in slimy green
                  | scales. (AC +2) [demonic ancestry]
  4498 | D:5      | Reached XP level 8. HP: 53/58 MP: 8/8
  4710 | D:6      | Found an iron altar of Okawaru.
  4724 | D:6      | Reached **** piety under Trog
  4873 | D:6      | Reached skill level 10 in Polearms
  4925 | D:6      | Found a sand-covered staircase.
  4933 | Ossuary  | Entered an ossuary
  5115 | Ossuary  | Reached ***** piety under Trog
  5115 | Ossuary  | Received a gift from Trog
  5847 | D:7      | Found Nuloiry's Armour Emporium.
  5902 | D:7      | Gained mutation: You are mostly covered in slimy green
                  | scales. (AC +3) [demonic ancestry]
  5902 | D:7      | Reached XP level 9. HP: 63/63 MP: 9/9
  6427 | D:7      | Found a shadowy altar of Dithmenos.
  6436 | D:7      | Found a blossoming altar of Fedhas.
  6449 | D:7      | Found a snail-covered altar of Cheibriados.
  6456 | D:7      | Found a shimmering blue altar of Sif Muna.
  6461 | D:7      | Found a stormy altar of Qazlal.
  6468 | D:7      | Found a burning altar of Makhleb.
  6473 | D:7      | Found a shimmering altar of Xom.
  6540 | D:7      | Found Qiky's Gadget Boutique.
  6589 | D:7      | Reached skill level 4 in Fighting
  6648 | D:7      | Reached skill level 5 in Fighting
  6751 | D:7      | Found an ancient bone altar of Kikubaaqudgha.
  6795 | D:7      | Received a gift from Trog
  6845 | D:7      | Found Wiojop's Jewellery Boutique.
  7058 | D:8      | Reached skill level 6 in Fighting
  7187 | D:8      | Found an iron altar of Okawaru.
  7345 | D:8      | Noticed Pikel
  7353 | D:8      | Killed Pikel
  7353 | D:8      | Reached skill level 7 in Fighting
  7353 | D:8      | Gained mutation: Your flesh is heat resistant. (rF+)
                  | [demonic ancestry]
  7353 | D:8      | Reached XP level 10. HP: 79/79 MP: 10/10
  7454 | D:8      | Reached skill level 8 in Fighting
  7768 | D:9      | Reached skill level 9 in Fighting
  7801 | D:9      | Noticed a two-headed ogre
  7809 | D:9      | Killed a two-headed ogre
  7815 | D:9      | Reached skill level 10 in Fighting
  7874 | D:9      | Found Tonarhack's Magic Scroll Emporium.
  7878 | D:9      | Bought 3 scrolls of identify for 102 gold pieces
  7878 | D:9      | Bought a scroll of identify for 34 gold pieces
  7878 | D:9      | Bought a scroll of identify for 34 gold pieces
  7878 | D:9      | Bought a scroll of enchant weapon for 127 gold pieces
  7883 | D:9      | Gained mutation: You are clumsy. (Dex -2) [potion of
                  | mutation]
  7883 | D:9      | Gained mutation: You are robust. (+10% HP) [potion of
                  | mutation]
  8025 | D:9      | Noticed a two-headed ogre
  8038 | D:9      | Killed a two-headed ogre
  8038 | D:9      | Reached skill level 11 in Fighting
  8401 | D:10     | Entered Level 10 of the Dungeon
  8479 | D:10     | Gained mutation: You have hoof-like feet. [demonic
                  | ancestry]
  8479 | D:10     | Reached XP level 11. HP: 102/102 MP: 11/11
  8510 | D:10     | Received a gift from Trog
  8682 | D:10     | Reached skill level 12 in Fighting
  8818 | D:10     | Found a staircase to the Lair.
  9360 | D:11     | Noticed an orange crystal statue
  9458 | D:11     | Killed an unseen horror
  9458 | D:11     | Reached skill level 13 in Fighting
  9464 | D:11     | Noticed Fannar
  9475 | D:11     | Killed Fannar
  9571 | D:11     | Found Yhergh's Armour Shoppe.
  9729 | D:11     | Received a gift from Trog
  9789 | D:11     | Found a staircase to the Orcish Mines.
  9960 | D:11     | Reached skill level 14 in Fighting
 10273 | Orc:1    | Entered Level 1 of the Orcish Mines
 10273 | Orc:1    | Noticed Josephine
 10313 | D:11     | Killed Josephine
 10735 | D:11     | Gained mutation: You have hooves in place of feet. [demonic
                  | ancestry]
 10735 | D:11     | Reached XP level 12. HP: 95/118 MP: 12/12
 11031 | Orc:2    | Entered Level 2 of the Orcish Mines
 11041 | Orc:2    | Noticed an orc warlord
 11057 | Orc:1    | HP: 4/118 [orc warlord/+1 vorpal war axe (13)]
 11067 | Orc:1    | HP: 7/177 [warg[an orc warlord] (4)]
 11067 | Orc:1    | Slain by an orc warlord

Levels and vault maps discovered:
D:1:      zaba_arrival_water, layout_basic, grunt_decor_arrowhead
D:2:      layout_rooms, first_ration, uniq_terence, uniq_natasha
D:3:      layout_loops_cross
D:4:      layout_rooms, nicolae_gozag_zags_fifth_avenue,
          minmay_temple_entry_poolview, uniq_crazy_yiuf_cottage, uniq_robin,
          uniq_blork_the_orc
D:5:      layout_basic, serial_shops, shop_statue, shop_statue, shop,
          uniq_grinder
D:6:      layout_rooms, serial_curves, eino_curves_04, eino_curves_03,
          nicolae_ossuary_entry_monument, okawaru_trees_1
D:7:      layout_layer_cave, grunt_temple_overflow_octagram, lemuel_round_altar,
          serial_shops, nicolae_shop_competitors_out_of_business, shop,
          nicolae_shop_waterfront, grunt_livestock
D:8:      cheibrodos_fertilizer, layout_basic, basic_altar, uniq_pikel
D:9:      layout_loops_ring, serial_shops, kennysheep_mini_moat
D:10:     layout_big_octagon, lair_entry_dummy
D:11:     minmay_statue_hallways, layout_basic, zombieorc2_lemuel, serial_shops,
          shop, uniq_fannar
Orc:1:    layout_caves, uniq_josephine
Orc:2:    st_orc_town, layout_caves, basic_altar,
          portal_ice_cave_entry_pillars_1, serial_shops, shop,
          nicolae_shop_overgrown_old_shop, shop_coins

Skill      XL: |  1  2  3  4  5  6  7  8  9 10 11 |
---------------+----------------------------------+-----
Polearms       | 3 4 5 6 7 9 11 12 | 12.0
Fighting       | 7 11 14 | 14.6
Armour         | |  1.7
Dodging        | |  1.7

Action                   |  1- 3 |  4- 6 |  7- 9 | 10-12 || total
-------------------------+-------+-------+-------+-------++-------
Melee: Spear             |   137 |   208 |   121 |       ||   466
       Kick              |     7 |    56 |    17 |    10 ||    90
       Glaive            |       |       |   164 |       ||   164
       Halberd           |       |       |   207 |   587 ||   794
Throw: Dart              |       |       |     3 |     2 ||     5
Invok: Berserk           |       |     1 |     2 |     3 ||     6
  Use: Scroll            |       |       |     8 |    15 ||    23
       Potion            |       |       |     1 |     9 ||    10
 Stab: Sleeping          |     1 |       |       |       ||     1
  Eat: Ration            |     1 |     1 |     4 |     4 ||    10
       Chunk             |       |     1 |     3 |     9 ||    13
Armor: Animal skin       |     1 |       |       |       ||     1
       Leather armour    |    19 |     2 |       |       ||    21
       Ring mail         |       |    13 |       |       ||    13
       Chain mail        |       |    86 |   347 |   499 ||   932
Dodge: Dodged            |    77 |    80 |   214 |   284 ||   655

Table legend:
 A = Non-vault XP
 B = Vault XP
 C = Vault XP percentage of total XP
 D = Non-vault monster count
 E = Vault monster count
 F = Vault count percentage of total count
                 A         B        C        D         E       F
            +---------+---------+-------+---------+---------+-------
      Total |   15174 |    7475 |  33.0 |     269 |     121 |  31.0
            +---------+---------+-------+---------+---------+-------
        D:1 |      40 |       0 |   0.0 |      22 |       0 |   0.0
        D:2 |      47 |      69 |  59.5 |      12 |       2 |  14.3
        D:3 |     178 |       0 |   0.0 |      26 |       0 |   0.0
        D:4 |     346 |     174 |  33.5 |      15 |      14 |  48.3
        D:5 |     361 |     244 |  40.3 |      12 |       1 |   7.7
        D:6 |     759 |       0 |   0.0 |      19 |       0 |   0.0
        D:7 |    1516 |     955 |  38.6 |      25 |       5 |  16.7
        D:8 |     634 |    1887 |  74.9 |      18 |      17 |  48.6
        D:9 |    3234 |       0 |   0.0 |      19 |       0 |   0.0
       D:10 |    2791 |       0 |   0.0 |      40 |       0 |   0.0
       D:11 |    4639 |    3532 |  43.2 |      45 |      41 |  47.7
      Orc:1 |     537 |     437 |  44.9 |      11 |       2 |  15.4
      Orc:2 |      92 |       0 |   0.0 |       5 |       0 |   0.0
    Ossuary |       0 |     177 | 100.0 |       0 |      39 | 100.0
            +---------+---------+-------+---------+---------+-------
